 Dungeon Sprint DCSS version 0.31-a0-1027-gfb7600b534 (webtiles) character file.

Game seed: 2807772853006719063

3448 Conn the Thaumaturge (level 10, -2/59 HPs)
             Began as an Octopode Fire Elementalist on Nov 18, 2023.
             Was an Elder of Sif Muna.
             Succumbed to a death drake's dark miasma
             ... in the Dungeon (Sprint II: "The Violet Keep of Menkaure").
             The game lasted 00:15:30 (1156 turns).

Conn the Thaumaturge (Octopode Fire Elementalist)   Turns: 1156, Time: 00:15:31

Health: -2/59      AC:  1    Str:  8    XL:     10   Next: 6%
Magic:  9/26       EV: 20    Int: 22    God:    Sif Muna [****..]
Gold:   422        SH:  0    Dex: 12    Spells: 18/34 levels left

rFire   . . .        k - staff of cold
rCold   + . .        (no shield)
rNeg    + . .        (helmet restricted)
rPois   +            (no amulet)
rElec   .            d - ring of poison resistance
rCorr   .            p - +5 ring of evasion
SInv    .            e - ring of positive energy
Will    .....        (no ring)
Stlth   ++++         (no ring)
HPRegen 0.29/turn    (no ring)
MPRegen 0.20/turn    (no ring)
                     (no ring)

%: no teleportation
@: lethally poisoned (-2 -> -46)
A: almost no armour, amphibious, 8 rings, camouflage 1, gelatinous body 1,
(nimble swimmer 1), tentacles
a: Renounce Religion, Channel Magic, Forget Spell, Divine Exegesis


You were in the Dungeon.
You worshipped Sif Muna.
Sif Muna was greatly pleased with you.
You visited 1 branch You collected 662 gold pieces.
You spent 240 gold pieces at shops.

Inventory:

Magical Staves
 k - a staff of cold (weapon)
Jewellery
 d - a ring of poison resistance (left tentacle)
 e - a ring of positive energy (on tentacle)
 p - a +5 ring of evasion (right tentacle)
Scrolls
 f - 2 scrolls of blinking
 h - 3 scrolls of identify {unknown}
 i - a scroll of enchant armour {unknown}
 j - 3 scrolls of enchant weapon {unknown}
 m - a scroll of poison {unknown}
 n - a scroll of brand weapon {unknown}
 o - 2 scrolls of silence {unknown}
 r - a scroll of revelation {unknown}
Potions
 a - 6 potions of magic
 b - 2 potions of curing
 c - 3 potions of heal wounds
 g - 3 potions of resistance {unknown}
 l - 2 potions of haste
 q - a potion of attraction {unknown}
 s - 3 potions of enlightenment {unknown}


   Skills:
 + Level 1.4 Fighting
 + Level 6.0 Dodging
 + Level 7.2 Stealth
 * Level 12.9 Spellcasting
 * Level 9.1 Conjurations
 - Level 3.0 Hexes
 + Level 12.7 Fire Magic
 * Level 6.2 Invocations


You had 18 spell levels left.
You knew the following spells:

 Your Spells              Type           Power      Damage    Failure   Level
a - Foxfire               Conj/Fire      100%       2x1d9     1%          1
b - Scorch                Fire           100%       2d9       1%          2
c - Inner Flame           Hex/Fire       48%        N/A       1%          3
d - Flame Wave            Conj/Fire      58%        2d14      1%          4
e - Starburst             Conj/Fire      29%        6d9       8%          6

Your spell library contained the following spells:

 Spells                   Type           Power      Damage    Failure   Level
 Dazzling Flash           Conj/Hex       80%        N/A       1%          3
 Volatile Blastmotes      Fire/Tloc      84%        2d17      1%          3
 Passage of Golubria      Tloc           14%        N/A       41%         4
 Silence                  Hex/Air        10%        N/A       56%         5
 Lehudib's Crystal Spear  Conj/Erth      17%        10d5      100%        8
 Maxwell's Capacitive Co  Air            7%         ∞         100%        8


Dungeon Overview and Level Annotations

Branches:
Dungeon (1/1)

Altars:
Cheibriados
Dithmenos
Elyvilon
Fedhas
Gozag
Hepliaklqana
Kikubaaqudgha
Makhleb
Nemelex Xobeh
Okawaru
Qazlal
Ru
Sif Muna
Trog
Uskayaw
Vehumet
Wu Jian
Xom
Yredelemnul
Zin
The Shining One
Jiyva
Lugonu

Shops:
D [::!![(((=*:??=

Annotations:
D exclusions: ice statue and oklob plant


Innate Abilities, Weirdness & Mutations

You cannot wear most types of armour.
You are amphibious.
You can wear up to eight rings at the same time.
Your skin changes colour to match your surroundings (Stealth+).
Your rubbery body absorbs attacks. (AC +1, EV +1)
((You are camouflaged when in or above water. (Stealth+)))
You have tentacles for arms and can constrict up to eight enemies at once.


Message History

Press: ? - help, Dir - look around, f - activate The bolt of fire misses the death drake.
The death drake misses you. The death drake breathes miasma at you.
The foul vapour engulfs you!
You are poisoned.
Unknown command.
Casting: Starburst (quite dangerous; 8% risk of failure)
Confirm with . or Enter, or press ? or * to list all spells.
Casting: Flame Wave (dangerous; 1% risk of failure)
Press: ? - help, Dir - look around, f - activate A wave of flame ripples out!
The flame wave engulfs the death drake!!
The death drake is burned terribly!
The death drake is almost dead. (Press . to intensify the flame waves.)
You are engulfed in dark miasma.
You are more poisoned.
You feel extremely sick. The death drake bites you.
Unknown command.
A wave of flame ripples out!
The flame wave engulfs the death drake!
The death drake is burned terribly!
The death drake is almost dead.
You are engulfed in dark miasma.
You are more poisoned.
* * * LOW HITPOINT WARNING * * *
You feel extremely sick. The death drake breathes miasma at you.
The foul vapour engulfs you!
* * * LOW HITPOINT WARNING * * *
A wave of flame ripples out!
The flame wave engulfs the death drake!!
The death drake is burned terribly!
You kill the death drake!
Sif Muna accepts your kill.
The flame wave engulfs the swamp drake!
The swamp drake is almost dead.
You finish channelling waves of flame.
You die...

.....# #=○▓().).[..▓▓ +##..# #.
k#|}▓..))...(▓▓ ##.####
+.##.#:=▓...(..(.▓▓ #l#....#
..k####▓([..[...▓▓ #. ###..##
#..##.#▓.).)..[.▓▓ +# #3##..#
+..#..#▓..)[[.[=▓▓ .## #.#..#
#..#..#▓|.[.....▓▓ <.+
#+..####k.##.#▓[.()..[(▓▓ .##
##....###..@##▓▓▓▓▓▓▓'▓▓▓▓+▓ †##
#......§§§§§§~~~~~~~...Xw≈▓ #.##
#~~§§...§#'########§###.≈w≈▓
#..#~~~~~§~..§#.._._._.#§~§##≈≈≈▓
.###~~~§~~~~.~#._._._..#§§§≈####▓
'##~~~§§≈~~~~~#_._._._.#~~§~≈##..
~~~~~~~§≈§§§~~#._._._._#~~~≈≈§#..
#+++#§§≈≈≈≈≈≈~#.._._._.#~~~~~≈'..
≈°≈ ##§≈§###§§#..._._._#~~~~≈~#..


You could see a swamp drake.

Vanquished Creatures
  2 death drakes (D)
  2 deep trolls (D)
  A yaktaur (D)
  3 polar bears (D)
  A hornet (D)
  Menkaure (D)
  5 water moccasins (D)
  A swamp drake (D)
  4 scorpions (D)
20 creatures vanquished.

Vanquished Creatures (others)
  58 foxfires (D)
  12 tentacles (D)
70 creatures vanquished.

Grand Total: 90 creatures vanquished

Notes
Turn   | Place    | Note
-------+----------+-------------------------------------------
     0 | D        | Conn the Octopode Fire Elementalist began the quest for the
                  | Orb.
     0 | D        | Reached XP level 1. HP: 11/11 MP: 3/3
     4 | D        | Noticed a wyvern
     4 | D        | Noticed a wyvern
     8 | D        | Noticed a scorpion
     8 | D        | Noticed a scorpion
     8 | D        | Noticed a scorpion
     8 | D        | Noticed a scorpion
    13 | D        | Killed a scorpion
    14 | D        | Reached skill level 5 in Fire Magic
    14 | D        | Reached XP level 2. HP: 17/17 MP: 4/7
    14 | D        | Reached XP level 3. HP: 21/21 MP: 4/8
    14 | D        | Reached XP level 4. HP: 27/27 MP: 5/10
    15 | D        | Killed a scorpion
    16 | D        | Reached skill level 5 in Spellcasting
    16 | D        | Reached XP level 5. HP: 31/31 MP: 5/12
    21 | D        | Reached skill level 5 in Stealth
    21 | D        | Reached XP level 6. HP: 36/36 MP: 5/15
    29 | D        | Learned a level 2 spell: Scorch
    33 | D        | Learned a level 3 spell: Inner Flame
    38 | D        | Learned a level 4 spell: Flame Wave
    38 | D        | Noticed an ice statue
    43 | D        | Found Goyl's General Store.
    43 | D        | Found Qefev's Magic Scroll Shop.
    44 | D        | Found Arol's Antique Weapon Boutique.
    44 | D        | Found Ikog's Jewellery Boutique.
    45 | D        | Found Losudgho's Weapon Boutique.
    45 | D        | Found Feyxaer's Jewellery Shop.
    45 | D        | Found Koanuuma's Weapon Shop.
    46 | D        | Found Lips's Antique Armour Shop.
    46 | D        | Found Vigituc's Magic Scroll Boutique.
    47 | D        | Found Gasa's Book Boutique.
    49 | D        | Noticed a water moccasin
    55 | D        | Killed a water moccasin
    56 | D        | Reached skill level 5 in Conjurations
    59 | D        | Found Ureuvvu's Distillery.
    59 | D        | Found Ragas's Distillery.
    59 | D        | Noticed an oklob plant
    60 | D        | Found Riomac's Book Shop.
    60 | D        | Found Lumoes's Antique Armour Boutique.
    60 | D        | Found Ewex Hous's Book Shoppe.
    69 | D        | Noticed a slime creature
    70 | D        | Noticed a slime creature
    71 | D        | Noticed a cane toad
    86 | D        | Bought a ring of poison resistance for 240 gold pieces
   110 | D        | Noticed a neqoxec
   115 | D        | Found a hazy altar of Hepliaklqana.
   115 | D        | Found a snail-covered altar of Cheibriados.
   116 | D        | Found a stormy altar of Qazlal.
   116 | D        | Found a viscous altar of Jiyva.
   116 | D        | Found a shadowy altar of Dithmenos.
   117 | D        | Found a sacrificial altar of Ru.
   117 | D        | Found an ancient bone altar of Kikubaaqudgha.
   117 | D        | Found a white marble altar of Elyvilon.
   118 | D        | Found an ornate altar of the Wu Jian Council.
   118 | D        | Found a shimmering blue altar of Sif Muna.
   118 | D        | Found a corrupted altar of Lugonu.
   119 | D        | Found a shimmering altar of Xom.
   119 | D        | Found a bloodstained altar of Trog.
   119 | D        | Found a burning altar of Makhleb.
   120 | D        | Found a glowing golden altar of the Shining One.
   120 | D        | Found a basalt altar of Yredelemnul.
   120 | D        | Found a hide-covered altar of Uskayaw.
   122 | D        | Found a glowing silver altar of Zin.
   122 | D        | Found a radiant altar of Vehumet.
   122 | D        | Found a blossoming altar of Fedhas.
   122 | D        | Found a sparkling altar of Nemelex Xobeh.
   123 | D        | Found an opulent altar of Gozag.
   123 | D        | Found an iron altar of Okawaru.
   124 | D        | Noticed a water moccasin
   125 | D        | Noticed a water moccasin
   126 | D        | Noticed a water moccasin
   127 | D        | Became a worshipper of Sif Muna the Loreminder
   134 | D        | Noticed Menkaure
   137 | D        | Killed a water moccasin
   138 | D        | Reached XP level 7. HP: 39/41 MP: 10/17
   156 | D        | Killed Menkaure
   158 | D        | Reached * piety under Sif Muna
   159 | D        | Reached skill level 5 in Dodging
   159 | D        | Reached skill level 10 in Fire Magic
   167 | D        | Noticed a kraken
   218 | D        | Noticed a flying skull
   220 | D        | Noticed a flying skull
   220 | D        | Noticed a flying skull
   220 | D        | Noticed a flying skull
   221 | D        | Noticed a flying skull
   233 | D        | Noticed a flying skull
   234 | D        | Noticed a flying skull
   239 | D        | Noticed a flying skull
   240 | D        | Noticed a flying skull
   242 | D        | Noticed a flying skull
   243 | D        | Noticed a flying skull
   245 | D        | Noticed a flying skull
   259 | D        | Noticed a flying skull
   260 | D        | Noticed a flying skull
   276 | D        | Noticed a flying skull
   293 | D        | Noticed a flying skull
   327 | D        | Noticed a flying skull
   503 | D        | Learned a level 6 spell: Starburst
   564 | D        | Noticed a deep troll
   564 | D        | Noticed a deep troll
   576 | D        | Killed a deep troll
   576 | D        | Reached ** piety under Sif Muna
   577 | D        | Reached XP level 8. HP: 47/47 MP: 3/21
   705 | D        | Killed a deep troll
   706 | D        | Reached skill level 1 in Fighting
   706 | D        | Reached skill level 10 in Spellcasting
   706 | D        | Reached XP level 9. HP: 53/53 MP: 3/23
   852 | D        | Noticed a yaktaur
   852 | D        | Noticed a hornet
   852 | D        | Noticed a polar bear
   853 | D        | Noticed a polar bear
   862 | D        | Killed a polar bear
   863 | D        | Killed a polar bear
   863 | D        | Killed a hornet
   863 | D        | Reached *** piety under Sif Muna
   864 | D        | Reached skill level 5 in Invocations
   870 | D        | Killed a yaktaur
   900 | D        | Noticed a polar bear
   906 | D        | Killed a polar bear
  1009 | D        | Noticed a death drake
  1018 | D        | Killed a death drake
  1018 | D        | Reached **** piety under Sif Muna
  1019 | D        | Reached XP level 10. HP: 27/59 MP: 8/26
  1146 | D        | Noticed a death drake
  1156 | D        | Killed a death drake
  1156 | D        | Succumbed to a death drake's dark miasma

Illustrated notes

Levels and vault maps discovered:
D:        the_violet_keep_of_menkaure [sprint2_stairs_cluster_1,
          sprint2_shoproom, sprint2_temple, sprint2_basic_supplies,
          sprint2_obstacle_2, sprint2_obstacle_1, sprint2_obstacle_5,
          sprint2_obstacle_6, sprint2_obstacle_4, sprint2_timed_cluster_1,
          sprint2_smallroom_cluster_1, sprint2_smallroom_final_cluster_1,
          sprint2_transparent_cluster_1, sprint2_second_timed_cluster_1,
          sprint2_sniper_area_1, sprint2_heavy_combat_area_1,
          sprint2_mutation_trap_area_1, sprint2_forest_area_1,
          sprint2_light_combat_area_1, sprint2_behind_water_1,
          sprint2_near_end_vault_1]

Skill      XL: |  1  2  3  4  5  6  7  8  9 |
---------------+----------------------------+-----
Dodging        | 3 4 5 6 |  6.0
Stealth        | 3 4 5 6 7 |  7.2
Spellcasting   | 4 5 6 7 9 10 12 | 12.9
Conjurations   | 3 4 5 7 9 |  9.1
Fire Magic     | 5 6 8 9 11 12 | 12.7
Hexes          | 2 3 |  3.0
Invocations    | 2 4 6 |  6.2
Fighting       | 1 |  1.4

Action                     |  1- 3 |  4- 6 |  7- 9 | 10-12 || total
---------------------------+-------+-------+-------+-------++-------
  Melee: Unarmed           |     3 |     7 |     4 |       ||    14
         Tentacles         |     2 |     3 |     1 |       ||     6
         Constrict         |     1 |     2 |     1 |       ||     4
   Cast: Foxfire           |       |     3 |    29 |     4 ||    36
         Scorch            |       |     3 |    21 |     1 ||    25
         Inner Flame       |       |       |    15 |       ||    15
         Flame Wave        |       |       |     2 |     1 ||     3
         Starburst         |       |       |       |     1 ||     1
 Invoke: Channel Magic     |       |       |     1 |       ||     1
    Use: Potion            |     2 |       |       |     1 ||     3
 Armour: Skin              |     1 |     1 |    16 |     3 ||    21
  Dodge: Dodged            |     2 |     4 |    26 |     1 ||    33

Table legend: (Time is in decaauts)
 A = Elapsed time spent in this place.
 B = Non-inter-level travel time spent in this place.
 C = Inter-level travel time spent in this place.
 D = Time resting spent in this place.
 E = Time spent auto-exploring this place.
 F = Levels seen in this place.
 G = Mean time per level.
                   A        B        C        D        E       F      G
               +--------+--------+--------+--------+--------+-----+--------+
         Total |   1154 |   1154 |      0 |    606 |      0 |   1 | 1154.0 |
       Dungeon |   1154 |   1154 |      0 |    606 |      0 |   1 | 1154.0 |
               +--------+--------+--------+--------+--------+-----+--------+

Top non-repeatable levels by time:
       D: 1154 daAuts
